 Dungeon Crawl Stone Soup version 0.16.2-12-gd0ad4c3 (webtiles) character file.

105 pigpen the Ruffian (level 4, -21/45 HPs)
             Began as a Troll Berserker on Oct 3, 2015.
             Was a Believer of Trog.
             Demolished by an ogre
             ... wielding a +0 giant club
              (25 damage)
             ... on level 2 of the Dungeon.
             The game lasted 00:06:01 (1352 turns).

pigpen the Ruffian (Troll Berserker)                Turns: 1352, Time: 00:06:01

Health: -21/45     AC:  5    Str: 26    XL:     4   Next: 54%
Magic:  2/2        EV: 10    Int:  3    God:    Trog [**....]
Gold:   29         SH:  0    Dex:  9    Spells: 0 memorised, 3 levels left

rFire  . . .     SeeInvis .       - Unarmed
rCold  . . .     Clarity  .     b - +0 animal skin
rNeg   . . .     SustAb   .     (shield restricted)
rPois  .         Gourm    +     (helmet restricted)
rElec  .         Spirit   .     (no cloak)
rCorr  .         Warding  .     (gloves unavailable)
rMut   .         Stasis   .     (boots unavailable)
MR     .....                    (no amulet)
Stlth  +.........               (no ring)
                                (no ring)

@: not resistant to hostile enchantments, very unstealthy
A: unfitting armour, claws 3, fast metabolism 3, gourmand, regeneration 2,
shaggy fur 1, tough skin 2
a: Burn Spellbooks, Berserk, Trog's Hand, Renounce Religion


You were on level 2 of the Dungeon.
You worshipped Trog.
Trog was pleased with you.
You were not hungry.

You visited 1 branch of the dungeon, and saw 2 of its levels.

You collected 29 gold pieces.

Inventory:

Hand weapons
 c - a cursed -3 dagger
Armour
 b - a +0 animal skin (worn)
 d - a +0 ring mail
 i - a +0 leather armour
 j - a +0 plate armour
 l - a +0 pair of gloves
 m - a +0 ring mail
Scrolls
 e - 2 scrolls of remove curse {unknown}
 f - 3 scrolls of identify {unknown}
 n - a scroll of noise {unknown}
Potions
 g - 2 potions of agility {unknown}
 h - a potion of curing {unknown}
 k - a potion of resistance {unknown}
Comestibles
 a - 4 chunks of flesh
 o - a poisonous chunk of flesh


   Skills:
 + Level 3.1 Fighting
 + Level 1.8 Armour
 + Level 2.6 Dodging
 + Level 0.2 Stealth
 + Level 3.7 Unarmed Combat


You had 3 spell levels left.
You didn't know any spells.

Dungeon Overview and Level Annotations

Branches:
Dungeon (2/15)

Altars:
Okawaru


Innate Abilities, Weirdness & Mutations

You are too large for most types of armour.
You have claws for hands.
Your metabolism is lightning-fast.
You like to eat raw meat.
You heal very quickly.
You are covered in fur (AC +1).
You have very tough skin (AC +2).


Message History

There is an open door, spattered with blood here.
You barely miss the gnoll. The gnoll hits you with a halberd!
You barely miss the gnoll. The gnoll barely misses you.
You scratch the gnoll.
The gnoll begins to bleed from its wounds!
The gnoll is moderately wounded.
You scratch the gnoll but do no damage.
The gnoll is moderately wounded.
The gnoll barely misses you.
You claw the gnoll!
You kill the gnoll!
Trog accepts your kill.
You barely miss the ogre. The ogre hits you with a giant club!
* * * LOW HITPOINT WARNING * * *
You claw the ogre!
The ogre begins to bleed from its wounds!
The ogre is moderately wounded.
The ogre hits you with a giant club!!
Ouch! That really hurt!
You die...

#+# ♣♣ ##.## ..♣♣
.?. .♣..
#O##.P♣♣♣♣
#@#.......♣♣
♣♣♣#.♣♣.♣♣♣...
♣.....♣.♣....
#.♣P..♣.P.♣ #
♣♣♣÷.÷♣.♣♣♣P♣. #
♣..♣♣.P♣P.P.
#§§♣♣.♣..PPP♣.♣.P
♣§§§....♣P..P.♣
♣.♣..P♣P..♣.P.♣


You could see an ogre (bleeding).

Vanquished Creatures
  Ijyb (D:2)
  3 gnolls
  2 river rats (D:2)
  2 worms (D:2)
  8 bats
  A giant cockroach (D:1)
  2 hobgoblins
  A ball python (D:1)
  3 giant geckos (D:1)
  A giant newt (D:2)
  2 goblins (D:1)
  5 kobolds
  3 rats (D:1)
34 creatures vanquished.

Notes
Turn   | Place    | Note
--------------------------------------------------------------
     0 | D:1      | pigpen, the Troll Berserker, began the quest for the Orb.
     0 | D:1      | Reached XP level 1. HP: 22/22 MP: 1/1
   239 | D:1      | Reached XP level 2. HP: 29/29 MP: 1/1
   605 | D:1      | Reached XP level 3. HP: 36/36 MP: 2/2
  1136 | D:2      | Found an iron altar of Okawaru.
  1146 | D:2      | Noticed Ijyb
  1165 | D:2      | Killed Ijyb
  1165 | D:2      | Reached XP level 4. HP: 41/45 MP: 2/2
  1195 | D:2      | Acquired Trog's second power
  1345 | D:2      | Noticed an ogre
  1352 | D:2      | Demolished by an ogre

Action                   |  1- 3 |  4- 6 || total
-------------------------+-------+-------++-------
Melee: Unarmed           |    68 |    27 ||    95
  Eat: Meat ration       |     2 |       ||     2
